 Dungeon Crawl Stone Soup version 0.31-a0-1321-g5021b54cb2 (webtiles) character file.

Game seed: 8454405387565905204

16689 Crabhammer the Martial Artist (level 12, 0/74 HPs)
             Began as an Octopode Shapeshifter on Dec 21, 2023.
             Was a Priest of Wu Jian.
             Slain by a gargoyle
             ... wielding a +0 mace
              (16 damage)
             ... in a Gauntlet.
             The game lasted 01:20:10 (14005 turns).

Crabhammer the Martial Artist (OpSh)               Turns: 14005, Time: 01:20:11

Health: 0/74       AC:  9    Str: 13    XL:     12   Next: 40%
Magic:  19/19      EV: 15    Int: 12    God:    Wu Jian [***...]
Gold:   1010       SH:  0    Dex: 23    Spells: 7/20 levels left

rFire   + +          .
                       - Unarmed
rCold   . . .        (shield currently unavailable)
rNeg    + . .        (helmet restricted)
rPois   .            f - amulet of regeneration
rElec   .            h - ring "Facvul" {rN+ AC+4}
rCorr   +            u - ring of willpower
SInv    +            F - ring of protection from fire
Will    +....        J - +4 ring of protection
Stlth   +++++        K - ring of protection from fire
HPRegen 1.12/turn    v - +6 ring of dexterity
MPRegen 0.16/turn    y - ring of see invisible
                     D - ring of resist corrosion

%: no teleportation
@: mighty, blade tentacles, studying Unarmed Combat, invisible
A: almost no armour, amphibious, 8 rings, camouflage 1, gelatinous body 1,
(nimble swimmer 1), tentacles
a: Begin Untransformation, Renounce Religion, Wall Jump, Serpent's Lash


You were in a Gauntlet.
You worshipped Wu Jian.
Wu Jian was most pleased with you.
You had blades for main tentacles.
You visited 4 branches of the dungeon, and saw 16 of its levels.
You also visited: Gauntlet.

You collected 1010 gold pieces.

Inventory:

Hand Weapons
 t - the +6 trident "Ytar" {freeze, Will+ Int+3}
   (You took it off a goblin on level 4 of the Dungeon)

   Int+3:     It affects your intelligence (+3).
   Will+:     It increases your willpower.
 I - the +3 great sword of Quantum Leap {heavy, rC++ Str+5}
   (You found it on level 8 of the Dungeon)

   Str+5:     It affects your strength (+5).
   rC++:      It greatly protects you from cold.
Missiles
 d - 2 throwing nets
 n - 11 poisoned darts
 s - 3 boomerangs (quivered)
Jewellery
 f - an amulet of regeneration (around mantle)
 g - an amulet of reflection
 h - the ring "Facvul" (left blade tentacle) {rN+ AC+4}
   (You found it on level 3 of the Dungeon)

   [ring of protection]

   AC+4:      It affects your AC (+4).
   rN+:       It protects you from negative energy.
 u - a ring of willpower (right blade tentacle)
 v - a +6 ring of dexterity (on tentacle)
 y - a ring of see invisible (on tentacle)
 D - a ring of resist corrosion (on tentacle)
 F - a ring of protection from fire (on tentacle)
 J - a +4 ring of protection (on tentacle)
 K - a ring of protection from fire (on tentacle)
 L - a ring of fire
 Q - an amulet of the acrobat
Talismans
 b - a beast talisman
 c - a flux talisman
 M - a blade talisman (active)
Wands
 x - a wand of flame (30)
 A - a wand of mindburst (7)
 B - a wand of charming (11)
 C - a wand of roots (8)
 O - a wand of digging (6)
Scrolls
 a - 2 scrolls of immolation {unknown}
 j - 2 scrolls of vulnerability
 l - 2 scrolls of revelation
 w - a scroll of brand weapon
 z - a scroll of teleportation
 H - a scroll of fear
Potions
 e - 3 potions of curing
 k - 3 potions of brilliance
 m - 5 potions of enlightenment
 o - a potion of haste
 p - a potion of mutation
 q - a potion of might
 r - a potion of attraction
 G - a potion of resistance
 N - a potion of berserk rage
 P - a potion of lignification


   Skills:
 - Level 4.2 Fighting
 + Level 3.8 Dodging
 + Level 6.0 Stealth
 + Level 13.0 Unarmed Combat
 + Level 4.8 Spellcasting
 - Level 6.1 Conjurations
 + Level 6.4 Hexes
 + Level 10.5 Shapeshifting


You had 7 spell levels left.
You knew the following spells:

 Your Spells              Type           Power      Damage    Failure   Level
a - Dazzling Flash        Conj/Hex       36%        N/A       4%          3
b - Jinxbite              Hex            36%        N/A       2%          2
c - Tukima's Dance        Hex            18%        N/A       4%          3
d - Yara's Violent Unrav  Hex/Alch       5%         3d4       83%         5

Your spell library contained the following spells:

 Spells                   Type           Power      Damage    Failure   Level
 Static Discharge         Conj/Air       20%        3-4/arc   9%          2
 Volatile Blastmotes      Fire/Tloc      4%         2d10      52%         3
 Airstrike                Air            1%         2d(1-17)  90%         4
 Passage of Golubria      Tloc           2%         N/A       90%         4
 Summon Lightning Spire   Summ/Air       2%         N/A       90%         4
 Alistair's Intoxication  Alch           1%         N/A       99%         5
 Borgnjor's Vile Clutch   Necr/Erth      1%         N/A       99%         5
 Eringya's Noxious Bog    Alch           1%         4d6       100%        6
 Starburst                Conj/Fire      5%         6d4       100%        6
 Enfeeble                 Hex            9%         N/A       100%        7
 Maxwell's Capacitive Co  Air            1%         ∞         100%        8


Dungeon Overview and Level Annotations

Branches:
Dungeon (12/15)            Temple (1/1) D:7            Lair (2/5) D:10
 Spider (0/4) Lair:2          Orc (1/2) D:10        Gauntlet (1/1)
  Swamp: Lair:2-3    Shoals: Lair:2-3

Altars:
Ashenzari
Cheibriados
Dithmenos
Elyvilon
Fedhas
Gozag
Hepliaklqana
Kikubaaqudgha
Makhleb
Nemelex Xobeh
Okawaru
Qazlal
Ru
Sif Muna
Trog
Uskayaw
Vehumet
Wu Jian
Xom
Yredelemnul
Zin
The Shining One
Jiyva

Shops:
D:3 *

Annotations:
D:10 3 runed translucent doors, Amaemon; ojifijod's ghost, novice FoHu
D:11 Nergalle Gauntlet 11 transporters


Innate Abilities, Weirdness & Mutations

You have blades for main tentacles.
You are incapable of wielding weapons or throwing items.
You cannot wear most types of armour.
You are amphibious.
You can wear up to eight rings at the same time.
Your skin changes colour to match your surroundings (Stealth+).
Your rubbery body absorbs attacks. (AC +1, EV +1)
((You are camouflaged when in or above water. (Stealth+)))
You have tentacles for arms and can constrict up to eight enemies at once.


Message History

There is a transporter here.
Okay, then.
You feel very mighty all of a sudden.
You enter the transporter and appear at another place.
The gargoyle hurls a stone arrow at you.
The stone arrow hits you!
The catoblepas bellows!
The catoblepas gores you!!
The gargoyle hurls a stone arrow at you.
The stone arrow misses you.
Okay, then.
Unknown command.
Press: ? - help, v - describe, . - travel
Here: a gargoyle, wielding a +0 mace The floor.
You fade into invisibility!
The gargoyle hurls a stone arrow at you.
The stone arrow hits you!
You slash the catoblepas! You squeeze the catoblepas!
The catoblepas is moderately wounded.
You strike the helpless catoblepas from behind!
You slice the catoblepas!! You slash the catoblepas!
You squeeze the catoblepas!
The catoblepas is almost dead.
The gargoyle hurls a stone arrow at you.
The stone arrow hits the gargoyle!
The catoblepas breathes a plume of calcifying dust at something.
You slash the catoblepas!
You kill the catoblepas!
The Council accepts your kill.
The gargoyle hurls a stone arrow at you.
The stone arrow hits the gargoyle!
The gargoyle is destroyed!
Your Stealth skill increases to level 6!
Your Unarmed Combat skill increases to level 13!
The gargoyle hurls a stone arrow at something.
The stone arrow hits you!
* * * LOW HITPOINT WARNING * * *
The gargoyle hits you with a +0 mace!
You die...

##..##..#.##..####.#.....#!####..
#≈..#.##...##.#..#.##...##[#..###
##..#..#...#..#..#..##.##.5#..###
#≈..#...#.#...#..#.......53#..#..
##..###########..###########..###
#≈.∩.............................
##.§§...∩........................
##§#≈#≈..#########..#########..#
######..#.....@9#..#......5#..#
#≈..#.##....#..#..####.#..#
##..#.##.)..####.##..#.####
#≈.©#§§©###©#©©#.#.©#.3#©©#
##..#...###[####.#.##.?####
#≈..#.#.###!#..#5##...|#..#
##§.#.......#..#5......#..#
#§§.#########..#########..#
##.........................


You could see a gargoyle (unable to see you) and 2 shadow imps.

Vanquished Creatures
  3 two-headed ogres
  A catoblepas (Gauntlet)
  2 cyclopes
  3 manticores
  2 cane toads (Lair:1)
  An unseen horror (D:11)
  An orange demon (D:10)
  2 komodo dragons (Lair:1)
  A yaktaur (D:12)
  An efreet (D:11)
  A troll (D:9)
  4 blink frogs (Lair:1)
  Prince Ribbit (D:7)
  4 humans (D:6)
  11 yaks
  2 wyverns (D:10)
  4 basilisks
  Edmund (D:4)
  2 steam dragons
  2 acid dragons
  5 water moccasins
  A swamp drake (D:10)
  A sky beast (D:8)
  6 orc warriors
  A black bear (Lair:1)
  2 ogres
  2 centaurs
  A phantom (D:6)
  A kobold brigand (D:9)
  A necrophage (D:5)
  5 bullfrogs
  A gnoll sergeant (D:10)
  A water moccasin zombie (D:5)
  5 wights
  25 killer bees
  2 electric eels (D:11)
  10 howler monkeys
  2 centaur zombies (D:5)
  A bullfrog zombie (D:5)
  9 hounds
  A human zombie (D:5)
  3 jellies
  9 orc priests
  A gnoll bouda (D:6)
  A sleepcap (D:6)
  4 iguanas
  5 orc wizards
  Natasha (thrice) (D:4)
  8 hell rats (Lair:1)
  A scorpion zombie (D:5)
  3 mummies (D:5)
  7 gnolls
  4 adders
  12 river rats (Lair:1)
  A white imp (D:7)
  2 ufetubi (D:6)
  A dart slug (D:4)
  22 orcs
  5 ball pythons
  5 endoplasms
  2 giant cockroaches (D:1)
  9 goblins
  4 hobgoblins
  9 jackals
  11 quokkas
  4 bats
  3 frilled lizards
  5 kobolds
  10 rats
286 creatures vanquished.

Vanquished Creatures (others)
  A gargoyle (Gauntlet)
  A dancing weapon (D:11)
2 creatures vanquished.

Grand Total: 288 creatures vanquished

Notes
Turn   | Place    | Note
-------+----------+-------------------------------------------
     0 | D:1      | Crabhammer the Octopode Shapeshifter began the quest for
                  | the Orb.
     0 | D:1      | Reached XP level 1. HP: 13/13 MP: 1/1
   104 | D:1      | Reached XP level 2. HP: 18/18 MP: 2/2
   490 | D:2      | Reached skill level 4 in Unarmed Combat
   492 | D:2      | Found a faded altar of an unknown god.
   597 | D:2      | Found a white marble altar of Elyvilon.
   632 | D:2      | Reached XP level 3. HP: 23/23 MP: 3/3
   771 | D:2      | Identified the +3 leather armour "Ynauq" {Int+2 Dex+4}
   966 | D:2      | Reached XP level 4. HP: 28/28 MP: 4/4
  1041 | D:3      | Reached skill level 5 in Unarmed Combat
  1146 | D:3      | Learned a level 3 spell: Dazzling Flash
  1357 | D:3      | Identified the +0 robe of the Iron Devil {rPois Regen+
                  | rCorr Dex-3}
  1432 | D:3      | Identified the ring "Facvul" {rN+ AC+4}
  1544 | D:3      | Found Umybua's Assorted Antiques.
  1779 | D:4      | Reached XP level 5. HP: 31/33 MP: 5/5
  1823 | D:4      | Reached skill level 1 in Conjurations
  1823 | D:4      | Reached skill level 1 in Hexes
  1995 | D:4      | Noticed Natasha
  2002 | D:4      | Killed Natasha
  2037 | D:4      | Reached XP level 6. HP: 38/38 MP: 6/6
  2048 | D:4      | Identified the +6 trident "Ytar" {freeze, Will+ Int+3}
  2221 | D:4      | Noticed Edmund
  2448 | D:4      | Noticed Natasha
  2454 | D:4      | Killed Natasha
  2458 | D:4      | Noticed Natasha
  2463 | D:4      | Killed Natasha
  2608 | D:4      | Killed Edmund
  2773 | D:5      | Entered Level 5 of the Dungeon
  2871 | D:5      | Reached XP level 7. HP: 43/43 MP: 7/7
  3119 | D:5      | Reached skill level 1 in Spellcasting
  3523 | D:5      | Reached XP level 8. HP: 33/48 MP: 11/11
  3724 | D:5      | Found a basalt altar of Yredelemnul.
  3825 | D:5      | Reached skill level 5 in Conjurations
  3942 | D:5      | Learned a level 2 spell: Jinxbite
  4416 | D:6      | Reached skill level 6 in Unarmed Combat
  4458 | D:6      | Noticed a cyclops
  4493 | D:6      | HP: 2/49 [human/+0 club (9)]
  4512 | D:5      | Reached skill level 5 in Hexes
  4859 | D:6      | Reached skill level 7 in Unarmed Combat
  4859 | D:6      | Reached XP level 9. HP: 39/54 MP: 13/13
  5923 | D:7      | Noticed Prince Ribbit
  5939 | D:7      | Killed Prince Ribbit
  6059 | D:7      | Reached skill level 8 in Unarmed Combat
  6315 | D:6      | Killed a cyclops
  6316 | D:6      | Reached skill level 5 in Shapeshifting
  6906 | D:7      | Found a staircase to the Ecumenical Temple.
  6982 | Temple   | Entered the Ecumenical Temple
  6987 | Temple   | Became a worshipper of the Wu Jian Council
  7178 | D:7      | Reached XP level 10. HP: 60/63 MP: 12/16
  7369 | D:7      | Found a burning altar of Makhleb.
  7540 | D:7      | You fall into a shaft and drop 2 floors!
  8120 | D:8      | Reached * piety under Wu Jian
  8243 | D:8      | Reached skill level 9 in Unarmed Combat
  8406 | D:8      | Identified the +3 great sword of Quantum Leap {heavy, rC++
                  | Str+5}
  8783 | D:9      | Noticed a manticore
  8791 | D:9      | Killed a manticore
  9271 | D:9      | Identified the +1 mace "Upnu" {elec, Str+4 Int+5}
  9586 | D:9      | Found a hide-covered altar of Uskayaw.
  9586 | D:9      | Noticed a +0 spear
  9586 | D:9      | Noticed a +0 dagger
  9587 | D:9      | Noticed a +0 dagger
  9587 | D:9      | Noticed a +0 falchion
  9587 | D:9      | Noticed a +0 falchion
  9587 | D:9      | Noticed a +0 short sword
  9588 | D:9      | Noticed a +0 spear
  9589 | D:9      | Noticed a +0 short sword
 10042 | D:9      | HP: 3/64 [troll (5)]
 10047 | D:9      | Reached XP level 11. HP: 27/69 MP: 12/18
 10187 | D:10     | Entered Level 10 of the Dungeon
 10332 | D:10     | Noticed Amaemon
 10489 | D:10     | Found a runed translucent gate.
 10489 | D:10     | Found a runed translucent gate.
 10490 | D:10     | Found a runed translucent gate.
 10492 | D:10     | Noticed ojifijod's ghost (novice FoHu)
 10509 | D:10     | Found a viscous altar of Jiyva.
 10513 | D:10     | Noticed a two-headed ogre
 10518 | D:10     | Noticed a two-headed ogre
 10544 | D:10     | Killed a two-headed ogre
 10685 | D:10     | Killed a two-headed ogre
 10685 | D:10     | Reached ** piety under Wu Jian
 10763 | D:10     | Found a staircase to the Orcish Mines.
 10834 | D:11     | Noticed a cyclops
 10839 | D:11     | Killed a cyclops
 10840 | D:11     | Reached skill level 1 in Stealth
 10993 | D:11     | Found a shimmering altar of Xom.
 11226 | D:11     | Learned a level 3 spell: Tukima's Dance
 11386 | D:11     | Noticed Nergalle
 11476 | D:11     | Noticed a manticore
 11487 | D:11     | Killed a manticore
 11731 | D:11     | Reached skill level 10 in Unarmed Combat
 11761 | D:11     | Noticed a two-headed ogre
 11771 | D:11     | Killed a two-headed ogre
 12028 | D:12     | Noticed a manticore
 12035 | D:12     | Killed a manticore
 12294 | Orc:1    | Entered Level 1 of the Orcish Mines
 12306 | Orc:1    | Noticed an orc warlord
 12614 | D:10     | Found a staircase to the Lair.
 12691 | Lair:1   | Entered Level 1 of the Lair of Beasts
 12735 | Lair:1   | Reached skill level 11 in Unarmed Combat
 12745 | Lair:1   | Reached skill level 10 in Shapeshifting
 12777 | Lair:1   | Reached skill level 5 in Stealth
 12777 | Lair:1   | Reached XP level 12. HP: 74/74 MP: 16/19
 12986 | Lair:1   | Reached *** piety under Wu Jian
 13215 | Lair:1   | Reached skill level 12 in Unarmed Combat
 13307 | Lair:1   | Learned a level 5 spell: Yara's Violent Unravelling
 13739 | Lair:2   | Found a gate leading to a gauntlet.
 13749 | Gauntlet | Entered a Gauntlet
 13749 | Gauntlet | Noticed a catoblepas
 13749 | Gauntlet | Found a transporter.
 13749 | Gauntlet | Found a transporter.
 13763 | Gauntlet | Found a transporter.
 13765 | Gauntlet | Found a transporter.
 13765 | Gauntlet | Noticed a soul eater
 13775 | Gauntlet | Found a transporter.
 13778 | Gauntlet | Found a transporter.
 13790 | Gauntlet | Found a transporter.
 13804 | Gauntlet | Noticed a balrug
 13808 | Gauntlet | Found a transporter.
 13825 | Gauntlet | Found a transporter.
 13828 | Gauntlet | Found a transporter.
 13838 | Gauntlet | Found a transporter.
 13841 | Gauntlet | Found a transporter.
 14002 | Gauntlet | Killed a catoblepas
 14003 | Gauntlet | Reached skill level 13 in Unarmed Combat
 14005 | Gauntlet | Slain by a gargoyle

Illustrated notes

Levels and vault maps discovered:
D:1:      dpeg_arrival_long_road, layout_rooms
D:2:      layout_rooms, hellmonk_ecumenical_altar_crossroads, basic_altar,
          serial_glass, glass_columns_b, glass_columns_c,
          minmay_misc_feat_pillars, chequers_serial_rivers_room_b
D:3:      layout_rooms, serial_shops, nicolae_shop_behind_doors
D:4:      layout_loops_ring, uniq_natasha, uniq_edmund
D:5:      layout_loops_ring, lemuel_mausoleum_altar_yredelemnul
D:6:      layout_layer_cave, minmay_ruffians
D:7:      layout_loops_ring, amcnicky_altar_gilded,
          minmay_temple_entry_butterflies, minmay_misc_feat_hallway,
          uniq_prince_ribbit1
D:8:      layout_loops_ring
D:9:      layout_cave_pools, nicolae_uskayaw_en_pointe, nicolae_titane
D:10:     layout_long_grid, erik_lair_dragon, david_orc_3, gammafunk_ghost_ooze,
          hangedman_decor_push, uniq_amaemon
D:11:     layout_basic, xom_teletrap_fun, uniq_nergalle
D:12:     layout_roguey, minmay_misc_feat_room, minmay_microvault
Temple:   nicolae_temple_bog_church
Lair:1:   lemuel_ratsnest, layout_loops_ring, grunt_megastairs_2
Lair:2:   layout_loops_ring, nicolae_spider_entry_non_spiders,
          gauntlet_entry_generic, eino_house_with_fridge
Orc:1:    layout_diamond_mine, minmay_orc_treasury
Gauntlet: minmay_gauntlet_mixed_big_or_small [gammafunk_gauntlet_arena_chambers,
          minmay_gauntlet_arena_77_block_sizes,
          gammafunk_gauntlet_arena_split_diamond,
          minmay_gauntlet_arena_77_hold_the_fort,
          gammafunk_gauntlet_arena_crates, minmay_gauntlet_arena_77_two_paths,
          gauntlet_exit_green]

Skill      XL: |  1  2  3  4  5  6  7  8  9 10 11 12 |
---------------+-------------------------------------+-----
Unarmed Combat | 4 5 7 8 9 11 13 | 13.0
Conjurations   | 2 3 4 5 6 |  6.1
Hexes          | 2 3 4 5 6 |  6.4
Spellcasting   | 2 3 4 |  4.8
Shapeshifting  | 4 5 7 10 | 10.5
Fighting       | 2 3 4 |  4.2
Stealth        | 5 6 |  6.0
Dodging        | 3 |  3.8

Action                     |  1- 3 |  4- 6 |  7- 9 | 10-12 || total
---------------------------+-------+-------+-------+-------++-------
  Melee: Unarmed           |    49 |    67 |    11 |   446 ||   573
         Constrict         |    13 |    22 |    29 |    81 ||   145
         Tentacles         |     8 |    23 |    35 |    99 ||   165
         Punch             |     1 |     4 |     9 |    29 ||    43
         Trident           |       |    17 |   161 |       ||   178
  Throw: Stone             |     8 |     3 |       |       ||    11
         Boomerang         |       |    22 |    13 |     2 ||    37
         Dart              |       |     4 |     3 |       ||     7
   Cast: Dazzling Flash    |       |       |    26 |    30 ||    56
         Jinxbite          |       |       |     1 |    11 ||    12
         Tukima's Dance    |       |       |       |     5 ||     5
Ability: Lunge             |       |       |     1 |    44 ||    45
         Whirlwind         |       |       |       |    26 ||    26
         Wall Jump         |       |       |       |     1 ||     1
  Evoke: Wand              |       |       |     3 |     6 ||     9
    Use: Scroll            |       |     9 |     3 |    17 ||    29
         Potion            |       |       |     2 |    10 ||    12
   Stab: Sleeping          |     4 |     1 |     6 |    15 ||    26
         Invisible         |       |       |     7 |    13 ||    20
         Distracted        |       |       |       |     2 ||     2
 Armour: Skin              |     8 |    39 |   121 |   266 ||   434
  Dodge: Dodged            |    24 |    41 |   106 |   252 ||   423
   Form: Blade             |       |       |       |     1 ||     1

Table legend: (Time is in decaauts)
 A = Elapsed time spent in this place.
 B = Non-inter-level travel time spent in this place.
 C = Inter-level travel time spent in this place.
 D = Time resting spent in this place.
 E = Time spent auto-exploring this place.
 F = Levels seen in this place.
 G = Mean time per level.
                   A        B        C        D        E       F      G
               +--------+--------+--------+--------+--------+-----+--------+
         Total |  14026 |  12893 |   1133 |   3505 |   4312 |  17 |  825.1 |
       Dungeon |  12701 |  11608 |   1093 |   3394 |   3789 |  12 | 1058.4 |
        Temple |     10 |      2 |      8 |      0 |      0 |   1 |   10.0 |
          Lair |   1031 |   1000 |     31 |    111 |    455 |   2 |  515.5 |
  Orcish Mines |     27 |     27 |      0 |      0 |      0 |   1 |   27.0 |
      Gauntlet |    255 |    255 |      0 |      0 |     68 |   1 |  255.0 |
               +--------+--------+--------+--------+--------+-----+--------+

Top non-repeatable levels by time:
     D:6: 2252 daAuts
     D:5: 1450 daAuts
     D:9: 1351 daAuts
    D:11: 1217 daAuts
     D:7: 1165 daAuts
     D:4: 1138 daAuts
     D:8: 1127 daAuts
  Lair:1: 1014 daAuts
    D:10: 975 daAuts
     D:3: 824 daAuts
     D:1: 551 daAuts
     D:2: 427 daAuts
Gauntlet: 255 daAuts
    D:12: 219 daAuts
   Orc:1: 27 daAuts
